[ AOE2 MATCH · #495887641 ]
UnrankedPortuguese vs Vikings
Player's team · WIN
Rival team · LOSS
[ REPLAY ANALYSIS · EXTRACTED FROM THE RECORDED GAME ]
Feudal
9:24
Castle
23:33
Imperial
45:48
| APM avg | 61.5 |
| APM peak | 127 |
| eAPM avg | 27.0 |
| Villagers / military | 150 / 95 |
Focus
⚔️ 36.8% · 🌾 63.2%
Spearman ×44 · Organ Gun ×31 · Militia ×6 · Knight ×5 · Mangonel ×3 · Battering Ram ×3
Feudal
8:59
Castle
25:18
Imperial
—
| APM avg | 57.6 |
| APM peak | 95 |
| eAPM avg | 22.9 |
| Villagers / military | 86 / 91 |
Focus
⚔️ 36.2% · 🌾 63.8%
Scout Cavalry ×37 · Archer ×20 · Knight ×20 · Monk ×5 · Battering Ram ×5 · Mangonel ×4
Match map
Initial resources + every placement click. Lines = walls · curves = elevation contours. ◆ gold · ⬟ stone · ● berries · ✦ relic · ◌ wall gap
Your base· Open — unwalled flank
Ambrose's base· Open — 4t gap
Smoothed initial terrain · ◌ = detected wall gap · hover for details
Inputs per minute
— 73_Quảng Bình - - Ambrose
Build order — 73_Quảng Bình
First 150 of 412 actions detected
| 0:00 | Queue | Villager (Male) |
| 0:00 | Queue | Villager (Male) |
| 0:01 | Queue | Villager (Male) |
| 0:02 | Build | House |
| 0:03 | Build | House |
| 0:07 | Queue | Villager (Male) |
| 1:25 | Queue | Villager (Male) |
| 1:44 | Build | Lumber Camp |
| 2:08 | Queue | Villager (Male) |
| 2:08 | Queue | Villager (Male) |
| 2:16 | Queue | Villager (Male) |
| 2:16 | Queue | Villager (Male) |
| 2:46 | Queue | Villager (Male) |
| 2:46 | Queue | Villager (Male) |
| 3:03 | Queue | Villager (Male) |
| 3:34 | Queue | Villager (Male) |
| 3:34 | Queue | Villager (Male) |
| 3:53 | Build | House |
| 3:53 | Queue | Villager (Male) |
| 3:53 | Queue | Villager (Male) |
| 4:26 | Build | Mill |
| 4:30 | Queue | Villager (Male) |
| 4:54 | Queue | Villager (Male) |
| 4:55 | Queue | Villager (Male) |
| 5:17 | Queue | Villager (Male) |
| 5:17 | Queue | Villager (Male) |
| 5:19 | Queue | Villager (Male) |
| 5:19 | Queue | Villager (Male) |
| 5:41 | Queue | Villager (Male) |
| 5:42 | Queue | Villager (Male) |
| 5:58 | Build | Barracks |
| 6:03 | Build | House |
| 6:42 | Research | Loom |
| 6:42 | Research | Loom |
| 7:14 | Research | Feudal Age |
| 7:23 | Build | Mining Camp |
| 7:32 | Queue | Militia |
| 7:32 | Queue | Militia |
| 7:48 | Queue | Militia |
| 7:48 | Queue | Militia |
| 8:00 | Queue | Militia |
| 8:00 | Queue | Militia |
| 8:36 | Queue | Villager (Male) |
| 8:40 | Build | Palisade Wall |
| 8:41 | Build | Palisade Wall |
| 8:49 | Build | Palisade Wall |
| 8:54 | Build | Palisade Wall |
| 8:55 | Build | Palisade Wall |
| 9:24 | Age | Feudal Age |
| 9:27 | Research | Man-at-Arms (upgrade) |
| 9:27 | Research | Man-at-Arms (upgrade) |
| 9:28 | Queue | Villager (Male) |
| 9:41 | Build | Watch Tower |
| 9:45 | Research | Double-Bit Axe |
| 10:05 | Build | Mining Camp |
| 10:06 | Queue | Villager (Male) |
| 10:20 | Build | House |
| 10:47 | Queue | Villager (Male) |
| 10:47 | Queue | Villager (Male) |
| 11:24 | Build | House |
| 11:29 | Build | House |
| 11:39 | Queue | Villager (Male) |
| 12:06 | Build | Watch Tower |
| 12:10 | Build | House |
| 12:13 | Build | House |
| 12:52 | Queue | Villager (Male) |
| 12:52 | Queue | Villager (Male) |
| 12:54 | Build | Farm |
| 13:44 | Queue | Villager (Male) |
| 13:44 | Queue | Villager (Male) |
| 13:44 | Queue | Villager (Male) |
| 13:46 | Build | Farm |
| 13:48 | Build | House |
| 13:48 | Build | House |
| 14:34 | Build | Watch Tower |
| 14:37 | Queue | Villager (Male) |
| 14:38 | Queue | Villager (Male) |
| 14:39 | Build | Farm |
| 14:40 | Build | Farm |
| 14:41 | Build | Farm |
| 14:42 | Build | Farm |
| 15:00 | Research | Town Watch |
| 15:05 | Build | House |
| 15:10 | Queue | Villager (Male) |
| 15:14 | Build | Farm |
| 15:15 | Build | Farm |
| 15:27 | Queue | Spearman |
| 15:39 | Build | Palisade Wall |
| 15:40 | Build | Palisade Wall |
| 15:40 | Build | Palisade Wall |
| 15:45 | Build | Outpost |
| 15:50 | Queue | Villager (Male) |
| 16:15 | Queue | Villager (Male) |
| 16:23 | Build | Watch Tower |
| 16:35 | Queue | Villager (Male) |
| 16:37 | Build | Farm |
| 16:37 | Build | Farm |
| 16:38 | Queue | Villager (Male) |
| 17:04 | Queue | Villager (Male) |
| 17:06 | Build | Palisade Wall |
| 17:44 | Build | House |
| 17:48 | Queue | Villager (Male) |
| 17:55 | Build | Watch Tower |
| 18:08 | Build | Farm |
| 18:08 | Queue | Villager (Male) |
| 18:15 | Build | Outpost |
| 18:21 | Queue | Villager (Male) |
| 18:36 | Build | House |
| 18:57 | Build | Watch Tower |
| 19:01 | Queue | Villager (Male) |
| 19:05 | Build | Blacksmith |
| 19:23 | Build | Watch Tower |
| 19:28 | Build | Lumber Camp |
| 19:31 | Queue | Villager (Male) |
| 19:32 | Queue | Villager (Male) |
| 19:51 | Build | House |
| 19:54 | Build | Palisade Wall |
| 19:55 | Build | Palisade Wall |
| 20:16 | Build | Market |
| 20:21 | Queue | Villager (Male) |
| 20:40 | Build | Farm |
| 20:41 | Build | Farm |
| 20:43 | Queue | Villager (Male) |
| 20:53 | Research | Castle Age |
| 20:53 | Research | Castle Age |
| 21:00 | Build | Outpost |
| 21:45 | Research | Fletching |
| 21:45 | Research | Fletching |
| 21:49 | Research | Horse Collar |
| 21:49 | Research | Horse Collar |
| 21:51 | Build | Farm |
| 22:27 | Build | Stable |
| 22:37 | Research | Stone Mining |
| 23:14 | Build | Farm |
| 23:33 | Age | Castle Age |
| 23:37 | Build | Castle |
| 23:38 | Queue | Knight |
| 23:39 | Queue | Knight |
| 23:40 | Queue | Villager (Male) |
| 23:42 | Research | Bodkin Arrow |
| 23:42 | Research | Bodkin Arrow |
| 23:48 | Build | University |
| 23:58 | Queue | Villager (Male) |
| 24:05 | Build | Farm |
| 24:25 | Build | Lumber Camp |
| 24:29 | Queue | Villager (Male) |
| 25:13 | Queue | Organ Gun |
| 25:14 | Queue | Organ Gun |
| 25:18 | Queue | Villager (Male) |
| 25:18 | Queue | Villager (Male) |
Build order — Ambrose
First 150 of 291 actions detected
| 0:00 | Queue | Villager (Male) |
| 0:00 | Queue | Villager (Male) |
| 0:01 | Queue | Villager (Male) |
| 0:02 | Build | House |
| 0:03 | Build | House |
| 1:05 | Queue | Villager (Male) |
| 1:36 | Queue | Villager (Male) |
| 1:58 | Queue | Villager (Male) |
| 1:58 | Queue | Villager (Male) |
| 2:17 | Queue | Villager (Male) |
| 2:22 | Build | Lumber Camp |
| 2:51 | Queue | Villager (Male) |
| 2:51 | Queue | Villager (Male) |
| 2:51 | Queue | Villager (Male) |
| 3:41 | Queue | Villager (Male) |
| 3:44 | Queue | Villager (Male) |
| 3:44 | Queue | Villager (Male) |
| 3:48 | Build | House |
| 4:26 | Build | Mill |
| 5:04 | Queue | Villager (Male) |
| 5:05 | Queue | Villager (Male) |
| 5:26 | Queue | Villager (Male) |
| 5:53 | Build | Palisade Wall |
| 5:54 | Build | Palisade Wall |
| 6:19 | Research | Loom |
| 6:49 | Research | Feudal Age |
| 7:47 | Build | Barracks |
| 8:14 | Build | House |
| 8:59 | Age | Feudal Age |
| 9:01 | Build | Archery Range |
| 9:03 | Queue | Villager (Male) |
| 9:15 | Build | House |
| 9:16 | Queue | Villager (Male) |
| 9:20 | Research | Double-Bit Axe |
| 9:30 | Build | Mining Camp |
| 9:33 | Queue | Villager (Male) |
| 9:38 | Build | Palisade Wall |
| 9:39 | Build | Palisade Wall |
| 9:43 | Build | Palisade Wall |
| 9:46 | Queue | Villager (Male) |
| 9:55 | Build | Palisade Wall |
| 9:58 | Build | Palisade Wall |
| 9:59 | Build | Palisade Wall |
| 10:00 | Build | Palisade Wall |
| 10:00 | Build | Palisade Wall |
| 10:04 | Queue | Villager (Male) |
| 10:06 | Queue | Archer |
| 10:08 | Build | House |
| 11:02 | Build | Palisade Wall |
| 11:10 | Queue | Villager (Male) |
| 11:17 | Queue | Archer |
| 11:18 | Queue | Villager (Male) |
| 12:12 | Build | Watch Tower |
| 12:31 | Queue | Archer |
| 13:42 | Queue | Villager (Male) |
| 13:43 | Queue | Villager (Male) |
| 13:43 | Queue | Villager (Male) |
| 13:43 | Queue | Villager (Male) |
| 14:07 | Queue | Villager (Male) |
| 14:52 | Build | Lumber Camp |
| 14:54 | Build | Farm |
| 14:56 | Build | Farm |
| 14:57 | Build | Farm |
| 14:57 | Build | Farm |
| 14:59 | Build | Farm |
| 15:20 | Build | Farm |
| 15:30 | Build | Farm |
| 15:42 | Queue | Villager (Male) |
| 15:59 | Build | Farm |
| 16:14 | Queue | Archer |
| 16:29 | Queue | Villager (Male) |
| 16:41 | Build | Farm |
| 16:42 | Queue | Villager (Male) |
| 17:29 | Queue | Archer |
| 17:38 | Queue | Villager (Male) |
| 17:57 | Queue | Villager (Male) |
| 18:06 | Build | Farm |
| 18:08 | Build | Mill |
| 18:09 | Build | Farm |
| 18:10 | Build | Farm |
| 18:14 | Research | Horse Collar |
| 18:17 | Build | Farm |
| 18:19 | Build | Farm |
| 18:20 | Queue | Archer |
| 18:23 | Build | House |
| 18:24 | Research | Town Watch |
| 18:41 | Build | House |
| 18:42 | Build | House |
| 18:43 | Queue | Villager (Male) |
| 18:52 | Queue | Archer |
| 18:53 | Queue | Villager (Male) |
| 18:56 | Build | Farm |
| 19:13 | Build | Mining Camp |
| 19:14 | Queue | Villager (Male) |
| 19:31 | Queue | Villager (Male) |
| 19:55 | Queue | Archer |
| 20:29 | Queue | Villager (Male) |
| 20:32 | Queue | Archer |
| 20:34 | Queue | Villager (Male) |
| 21:08 | Queue | Villager (Male) |
| 21:09 | Queue | Villager (Male) |
| 21:12 | Build | Market |
| 21:40 | Queue | Villager (Male) |
| 22:09 | Build | House |
| 22:21 | Research | Castle Age |
| 22:37 | Build | Blacksmith |
| 23:17 | Queue | Archer |
| 23:18 | Queue | Archer |
| 23:28 | Research | Gold Mining |
| 24:01 | Queue | Archer |
| 24:06 | Build | Stable |
| 24:29 | Research | Fletching |
| 25:02 | Build | House |
| 25:03 | Build | Palisade Wall |
| 25:17 | Build | House |
| 25:18 | Age | Castle Age |
| 25:22 | Build | Palisade Wall |
| 25:28 | Build | Town Center |
| 25:36 | Research | Crossbowman (upgrade) |
| 25:40 | Build | House |
| 25:52 | Queue | Villager (Male) |
| 25:53 | Queue | Villager (Male) |
| 26:04 | Build | Siege Workshop |
| 26:34 | Build | Monastery |
| 26:51 | Queue | Mangonel |
| 26:53 | Queue | Villager (Male) |
| 27:19 | Queue | Villager (Male) |
| 27:19 | Queue | Villager (Male) |
| 27:20 | Queue | Villager (Male) |
| 27:21 | Queue | Villager (Male) |
| 27:36 | Research | Bodkin Arrow |
| 28:09 | Queue | Mangonel |
| 28:09 | Queue | Villager (Male) |
| 28:09 | Queue | Villager (Male) |
| 28:43 | Queue | Monk |
| 28:44 | Queue | Villager (Male) |
| 28:44 | Queue | Villager (Male) |
| 28:44 | Queue | Villager (Male) |
| 28:45 | Queue | Villager (Male) |
| 28:45 | Queue | Villager (Male) |
| 28:45 | Queue | Villager (Male) |
| 28:53 | Build | Farm |
| 28:54 | Build | Farm |
| 28:54 | Build | Farm |
| 28:54 | Build | Farm |
| 28:54 | Build | Farm |
| 28:54 | Build | Farm |
| 28:55 | Build | Farm |
| 29:02 | Queue | Archer |
| 29:03 | Queue | Archer |
Match timeline
| 5:53 | Ambrose · wall_segment Palisade Wall x1 |
| 5:54 | Ambrose · wall_segment Palisade Wall x1 |
| 5:58 | 73_Quảng Bình · first_building Barracks |
| 7:47 | Ambrose · first_building Barracks |
| 8:40 | 73_Quảng Bình · wall_segment Palisade Wall x1 |
| 8:41 | 73_Quảng Bình · wall_segment Palisade Wall x1 |
| 8:49 | 73_Quảng Bình · wall_segment Palisade Wall x4 |
| 8:54 | 73_Quảng Bình · wall_segment Palisade Wall x2 |
| 8:55 | 73_Quảng Bình · wall_segment Palisade Wall x3 |
| 8:59 | Ambrose · age_up feudal |
| 9:01 | Ambrose · first_building Archery Range |
| 9:24 | 73_Quảng Bình · age_up feudal |
| 9:38 | Ambrose · wall_segment Palisade Wall x1 |
| 9:39 | Ambrose · wall_segment Palisade Wall x1 |
| 9:43 | Ambrose · wall_segment Palisade Wall x1 |
| 9:55 | Ambrose · wall_segment Palisade Wall x5 |
| 9:58 | Ambrose · wall_segment Palisade Wall x1 |
| 9:59 | Ambrose · wall_segment Palisade Wall x1 |
| 10:00 | Ambrose · wall_segment Palisade Wall x1 |
| 10:00 | Ambrose · wall_segment Palisade Wall x1 |
| 11:02 | Ambrose · wall_segment Palisade Wall x1 |
| 15:39 | 73_Quảng Bình · wall_segment Palisade Wall x1 |
| 15:40 | 73_Quảng Bình · wall_segment Palisade Wall x1 |
| 15:40 | 73_Quảng Bình · wall_segment Palisade Wall x1 |
| 17:06 | 73_Quảng Bình · wall_segment Palisade Wall x1 |
| 19:54 | 73_Quảng Bình · wall_segment Palisade Wall x1 |
| 19:55 | 73_Quảng Bình · wall_segment Palisade Wall x1 |
| 20:48 | 73_Quảng Bình · first_market_buy 100 food |
| 22:14 | Ambrose · first_market_sell 100 wood |
| 22:16 | Ambrose · first_market_buy 100 food |
| 22:27 | 73_Quảng Bình · first_building Stable |
| 23:33 | 73_Quảng Bình · age_up castle |
| 23:37 | 73_Quảng Bình · first_building Castle |
| 24:06 | Ambrose · first_building Stable |
| 25:03 | Ambrose · wall_segment Palisade Wall x1 |
| 25:18 | Ambrose · age_up castle |
| 25:22 | Ambrose · wall_segment Palisade Wall x1 |
| 26:04 | Ambrose · first_building Siege Workshop |
| 26:05 | 73_Quảng Bình · first_building Siege Workshop |
| 26:34 | Ambrose · first_building Monastery |
| 38:12 | 73_Quảng Bình · wall_segment Palisade Wall x1 |
| 38:15 | 73_Quảng Bình · wall_segment Palisade Wall x1 |
| 38:17 | 73_Quảng Bình · wall_segment Palisade Wall x1 |
| 45:48 | 73_Quảng Bình · age_up imperial |
| 48:25 | Ambrose · resign |
[ AI ANALYSIS · 1 CREDIT ]
What really happened in this match?
Wolo.gg analyzes every decision: build order, eco, micro, common mistakes by bracket. Personalized analysis on WhatsApp or Discord in 30 seconds.
Civ guide
Portuguese
Perfil
Jugador #20104886